 Dungeon Crawl Stone Soup version 0.31-a0-1620-gcbf77bbcfc (webtiles) character file.

Game seed: 2487735116751035189

401 Flugslaktarn the Trooper (level 6, -5/57 HPs)
             Began as a Minotaur Fighter on Jan 11, 2024.
             Slain by a gnoll
             ... wielding a +0 halberd
              (7 damage)
             ... on level 3 of the Dungeon.
             The game lasted 00:00:53 (1288 turns).

Flugslaktarn the Trooper (Minotaur Fighter)         Turns: 1288, Time: 00:00:54

Health: -5/57      AC:  8    Str: 22    XL:     6   Next: 54%
Magic:  5/5        EV:  5    Int:  5    God:
Gold:   97         SH:  0    Dex: 16    Spells: 5/5 levels left

rFire   . . .        a - +0 war axe
rCold   . . .        c - +0 buckler
rNeg    . . .        b - +0 scale mail
rPois   .            n - +1 hat
rElec   .            (no cloak)
rCorr   .            (no gloves)
SInv    .            (no boots)
Will    .....        (no amulet) Stlth
                     i - +6 ring of dexterity
HPRegen 0.29/turn    (no ring)
MPRegen 0.09/turn

%: no passive effects
@: held
A: horns 2, retaliatory headbutt
a: no special abilities


You were on level 3 of the Dungeon.
You visited 1 branch of the dungeon, and saw 3 of its levels.

You collected 97 gold pieces.

Inventory:

Hand Weapons
 a - a +0 war axe (weapon)
Armour
 b - a +0 scale mail (worn)
 c - a +0 buckler (worn)
 n - a +1 hat (worn)
   (You found it on level 2 of the Dungeon)
Jewellery
 i - a +6 ring of dexterity (left hand)
   (You found it on level 1 of the Dungeon)
Scrolls
 g - a scroll of poison {unknown}
 j - a scroll of teleportation {unknown}
 k - a scroll of immolation {unknown}
 l - a scroll of vulnerability {unknown}
 o - a scroll of torment {unknown}
Potions
 d - a potion of might
 f - a potion of haste {unknown}
 h - a potion of brilliance {unknown}
 m - a potion of heal wounds {unknown}


   Skills:
 * Level 6.0 Fighting
 * Level 5.2 Axes
 + Level 4.8 Armour
 + Level 4.9 Shields


You had 5 spell levels left.
You didn't know any spells.
Your spell library was empty.

Dungeon Overview and Level Annotations

Branches:
Dungeon (3/15)

Altars:

Annotations:
D:3 1 runed translucent door, Crazy Yiuf


Innate Abilities, Weirdness & Mutations

You have a pair of horns on your head.
You reflexively headbutt those who attack you in melee.


Message History

Found a club.
There is a large open door here.
There are monsters nearby!
There are monsters nearby!
You miss the adder. Your headbutt misses the adder.
You block the adder's attack. The adder closely misses you.
You slash the adder!
The adder is almost dead.
The adder closely misses you. You furiously retaliate!
You headbutt the adder, but do no damage.
You closely miss the adder.
The adder is almost dead.
You hit the scorpion but do no damage. The adder closely misses you.
The scorpion stings you. The adder bites you but does no damage.
You hit the adder.
You kill the adder!
You hit the scorpion. The scorpion stings you. The scorpion barely misses you.
You hit the scorpion.
The scorpion is heavily wounded.
The scorpion stings you but does no damage.
You barely miss the scorpion.
The scorpion is heavily wounded.
The scorpion stings you but does no damage.
The scorpion barely misses you.
You hit the scorpion. You headbutt the scorpion.
The scorpion is almost dead.
The scorpion stings you but does no damage.
You closely miss the scorpion. You headbutt the scorpion.
You kill the scorpion!
HP restored.
You see here a scorpion corpse.
A hobgoblin and an endoplasm come into view.
The hobgoblin shouts!
You hear a shout!
You see here a +0 club.
Found a scroll labelled LIXOTITHREA and a scroll labelled GEETIBL UNAEPN.
There are monsters nearby!
Found a whip.
There are monsters nearby!
A hobgoblin comes into view.
The hobgoblin shouts!
You hear a shout!
The hobgoblin hits you. The endoplasm freezes you.
You are frozen.
You see here 15 gold pieces.
You slash the endoplasm!
You kill the endoplasm!
You slash the hobgoblin!
You kill the hobgoblin!
A giant cockroach and 2 gnolls come into view.
Found a scroll labelled LUYSOTHEFONT.
The gnoll shouts! x2; You hear a shout!
A gnoll comes into view.
It is wielding a +0 halberd and quivering 2 throwing nets.
A gnoll comes into view. It is wielding a +0 spear.
The gnoll shouts! x2
The hobgoblin hits you but does no damage.
You hit the hobgoblin but do no damage. You headbutt the hobgoblin.
You kill the hobgoblin!
The giant cockroach bites you but does no damage.
The gnoll hits you from afar with a +0 spear!
You see here a hobgoblin corpse.
You hit the gnoll but do no damage. You closely miss the giant cockroach.
You block the giant cockroach's attack.
The gnoll hits you from afar with a +0 halberd.
The gnoll hits you with a +0 whip. You block the giant cockroach's attack.
You slash the gnoll!
You kill the gnoll!
You hit the giant cockroach. You block the giant cockroach's attack.
The gnoll hits you from afar with a +0 halberd!
Your Fighting skill increases to level 6!
There are monsters nearby!
You hit the giant cockroach.
You kill the giant cockroach!
The gnoll throws a throwing net.
The throwing net hits you.
You become entangled in the net!
The gnoll completely misses you. The gnoll hits you but does no damage.
The gnoll hits you from afar with a +0 halberd!
There are monsters nearby!
You are too injured to fight recklessly!
You struggle against the net.
The gnoll hits you from afar with a +0 halberd.
The gnoll hits you but does no damage.
Okay, then.
You tear a large gash into the net.
The gnoll barely misses you.
The gnoll hits you from afar with a +0 halberd.
* * * LOW HITPOINT WARNING * * *
You rip the net and break free!
The gnoll hits you but does no damage. The gnoll barely misses you.
As you read the scroll labelled OSITSO QUGET, it crumbles to dust.
You feel aware of your surroundings.
It was a scroll of revelation.
The gnoll hits you from afar with a +0 spear.
* * * LOW HITPOINT WARNING * * *
The gnoll throws a throwing net.
The throwing net hits you.
You become entangled in the net!
Unknown command.
You tear a large gash into the net.
The gnoll barely misses you.
The gnoll hits you from afar with a +0 spear!
* * * LOW HITPOINT WARNING * * *
You struggle against the net.
The gnoll hits you but does no damage.
The gnoll hits you from afar with a +0 halberd!
You die...

,,,,',,,,**,,,,,,,...#*
#.....
,,,,*,,,*#............##
#.....
*****,***..............##
#.....
*,**,**,...............##
#.####
*,**,*,,................# #.#
*,**,*,,................# #.#
*,**,*,,.....≈..≈.......###.#
*,**,+,,.....g).........'...#
*,,,<+,,....gg†@..$..).†'.###
*,**,*,,.....≈..≈.......###
*,,,,*,,................#
*,**,*,,................#
*,**,**,...............##
****,,**..?......)....##
**,**#............##
*,,,##..........###
***,,**,,,,,,,,**


You could see 3 gnolls.

Vanquished Creatures
  Sigmund (D:2)
  A scorpion (D:3)
  Terence (D:2)
  Natasha (thrice) (D:2)
  A gnoll (D:3)
  3 adders
  A dart slug (D:2)
  4 endoplasms
  5 giant cockroaches
  6 goblins
  6 hobgoblins
  6 ball pythons
  6 bats
  4 frilled lizards
  5 kobolds
  2 rats
55 creatures vanquished.

Notes
Turn   | Place    | Note
-------+----------+-------------------------------------------
     0 | D:1      | Flugslaktarn the Minotaur Fighter began the quest for the
                  | Orb.
     0 | D:1      | Reached XP level 1. HP: 19/19 MP: 0/0
   177 | D:1      | Reached XP level 2. HP: 27/27 MP: 1/1
   239 | D:1      | Reached skill level 4 in Fighting
   316 | D:1      | Found a faded altar of an unknown god.
   457 | D:2      | Noticed Natasha
   462 | D:2      | Killed Natasha
   463 | D:2      | Reached XP level 3. HP: 33/33 MP: 2/2
   608 | D:2      | Noticed Terence
   625 | D:2      | Killed Terence
   626 | D:2      | Reached XP level 4. HP: 24/41 MP: 3/3
   699 | D:2      | Noticed Natasha
   706 | D:2      | Killed Natasha
   728 | D:2      | Noticed Sigmund
   734 | D:2      | Noticed Natasha
   735 | D:2      | Killed Sigmund
   736 | D:2      | Reached skill level 5 in Fighting
   736 | D:2      | Reached XP level 5. HP: 36/48 MP: 4/4
   736 | D:2      | Reached XP level 6. HP: 42/56 MP: 5/5
   741 | D:2      | Killed Natasha
  1161 | D:3      | Reached skill level 5 in Axes
  1208 | D:3      | Found a runed translucent door.
  1209 | D:3      | Noticed Crazy Yiuf
  1282 | D:3      | Reached skill level 6 in Fighting
  1287 | D:3      | HP: 1/57 [gnoll/+0 spear (7)]
  1288 | D:3      | Slain by a gnoll

Illustrated notes

Levels and vault maps discovered:
D:1:      lightli_arrival_lavapool, layout_basic, basic_ecumenical_altar
D:2:      layout_rooms, serial_glass, glass_columns_b, glass_columns_c,
          glass_columns_c, glass_columns_a, glass_columns_a, glass_columns_b,
          glass_columns_a, glass_columns_c, minmay_vboxes, uniq_sigmund,
          uniq_terence, uniq_natasha
D:3:      kennysheep_big_flooded_room, layout_basic, serial_curves,
          eino_curves_04, eino_curves_04, gammafunk_ghost_nasty_kobolds,
          nicolae_underground_beach, uniq_crazy_yiuf_cottage

Skill      XL: |  1  2  3  4  5  6 |
---------------+-------------------+-----
Fighting       | 4 5 6 |  6.0
Axes           | 3 4 5 |  5.2
Shields        | 4 |  4.9
Armour         | 4 |  4.8

Action                     |  1- 3 |  4- 6 || total
---------------------------+-------+-------++-------
  Melee: War axe           |    56 |    52 ||   108
         Headbutt          |     5 |     6 ||    11
    Use: Scroll            |       |     1 ||     1
 Armour: Scale mail        |    37 |    51 ||    88
  Dodge: Dodged            |    23 |    26 ||    49
  Block: Buckler           |    19 |    15 ||    34

Table legend: (Time is in decaauts)
 A = Elapsed time spent in this place.
 B = Non-inter-level travel time spent in this place.
 C = Inter-level travel time spent in this place.
 D = Time resting spent in this place.
 E = Time spent auto-exploring this place.
 F = Levels seen in this place.
 G = Mean time per level.
                   A        B        C        D        E       F      G
               +--------+--------+--------+--------+--------+-----+--------+
         Total |   1324 |   1305 |     19 |      0 |    979 |   3 |  441.3 |
       Dungeon |   1324 |   1305 |     19 |      0 |    979 |   3 |  441.3 |
               +--------+--------+--------+--------+--------+-----+--------+

Top non-repeatable levels by time:
     D:2: 750 daAuts
     D:1: 431 daAuts
     D:3: 141 daAuts
